Map: Ruins of Seras

Players

Nerchio - Winner!

  • Race: Zerg Zerg
  • League: Grandmaster

Harstem

  • Race: Protoss Protoss
  • League: Platinum

Event: NationWars III

VOD

Have the link to the VOD?

Description

Time

  • Played on: Jan. 2, 2016, 1:24 p.m.
  • Length: 10:39

All games in this series

Show
View Real Time Build Order
Export as new Build Order

Nerchio Zerg - Winner!

Build Orders: Hatch First 

Get SALT Encoding   

  12  0:01  Drone  
  13  0:12  Overlord  
  13  0:18  Drone  
  14  0:31  Drone x2  
  14  0:34  Drone  
  17  0:53  Hatchery  
  17  0:55  Drone  
  17  1:00  Drone  
  18  1:14  Spawning Pool  
  18  1:17  Drone  
  18  1:20  Drone  
  19  1:41  Hatchery  
  19  1:44  Drone  
  19  1:47  Drone  
  20  2:02  Queen  
  20  2:05  Queen  
  24  2:09  Drone  
  24  2:12  Drone  
  26  2:16  Drone  
  26  2:19  Overlord  
  26  2:22  Drone  
  28  2:32  Extractor  
  28  2:33  Drone  
  28  2:38  Zergling x6  
  28  2:43  Queen  
  33  2:46  Drone  
  34  2:51  Overlord  
  34  2:55  Drone x2  
  36  3:01  Drone  
  36  3:04  Drone  
  38  3:07  Extractor  
  38  3:08  Drone  
  38  3:09  Drone  
  38  3:11  Overlord  
  39  3:16  Drone  
  39  3:17  Drone  
  39  3:18  Drone  
  39  3:19  Drone  
  43  3:23  Zergling x2  
  43  3:27  Zergling x2  
  46  3:30  Overlord  
  46  3:32  Metabolic Boost  
  46  3:34  Zergling x2  
  47  3:36  Zergling x2  
  48  3:42  Drone  
  48  3:43  Evolution Chamber  
  48  3:52  Zergling x10  
  48  3:55  Zergling x6  
  54  3:56  Zergling x2  
  54  3:58  Zergling x2  
  54  4:00  Zergling x2  
  59  4:03  Overlord  
  59  4:05  Zergling x2  
  59  4:07  Zergling x2  
  59  4:08  Zergling x2  
  62  4:13  Overlord  
  62  4:21  Overlord  
  62  4:22  Zergling x4  
  64  4:30  Zergling x2  
  64  4:31  Zergling x12  
  71  4:40  Drone x4  
  71  4:41  Drone x2  
  71  4:45  Drone  
  78  4:52  Drone x2  
  80  4:56  Overlord  
  79  5:01  Drone x2  
  79  5:03  Overlord x2  
  81  5:09  Overlord  
  81  5:11  Overlord x2  
  79  5:14  Zerg Melee Weapons Level 1  
  79  5:15  Extractor  
  79  5:16  Drone x3  
  79  5:17  Drone  
  81  5:22  Queen  
  81  5:23  Queen  
  81  5:27  Spore Crawler  
  84  5:29  Drone x2  
  84  5:30  Drone  
  84  5:32  Drone  
  88  5:38  Drone x5  
  88  5:39  Drone  
  88  5:41  Drone  
  95  5:43  Drone x2  
  95  5:44  Drone  
  95  5:45  Drone  
  95  5:49  Drone x2  
  96  5:50  Drone  
  96  5:51  Drone  
  96  5:56  Extractor x2  
  87  6:00  Zergling x6  
  85  6:05  Overlord  
  85  6:07  Lair  
  85  6:08  Zergling x2  
  85  6:11  Zergling x2  
  85  6:17  Zergling x2  
  85  6:18  Queen x2  
  85  6:21  Spore Crawler  
  85  6:23  Spore Crawler  
  84  6:33  Drone x10  
  84  6:37  Extractor  
  84  6:38  Extractor  
  92  6:41  Drone x2, Spore Crawler  
  92  6:46  Overlord  
  93  6:48  Overlord  
  93  6:54  Pneumatized Carapace  
  92  6:57  Hatchery  
  92  6:59  Drone x3  
  92  7:01  Drone x2  
  92  7:05  Hydralisk Den  
  92  7:08  Drone x4  
  91  7:09  Roach Warren  
  91  7:10  Drone x4  
  92  7:18  Zerg Melee Weapons Level 2  
  92  7:22  Drone x2  
  94  7:23  Drone  
  95  7:34  Hydralisk x5  
  95  7:35  Hydralisk x2  
  95  7:36  Muscular Augments  
  108  7:39  Hydralisk  
  110  7:44  Hydralisk x2  
  110  7:49  Hydralisk x2  
  110  7:51  Drone x2  
  118  7:55  Hydralisk x2  
  118  7:56  Hydralisk  
  124  7:59  Glial Reconstitution  
  124  8:01  Hydralisk  
  126  8:07  Hydralisk x2  
  126  8:12  Hydralisk x2  
  132  8:17  Roach x3  
  132  8:18  Roach  
  142  8:21  Overlord  
  142  8:22  Overlord  
  142  8:24  Overlord  
  142  8:26  Overlord  
  142  8:28  Overlord  
  139  8:40  Roach x6  
  139  8:41  Roach x2  
  155  8:43  Roach  
  155  8:44  Roach x2  
  155  8:46  Roach  
  155  8:47  Roach  
  165  8:49  Roach  
  165  8:51  Roach  
  165  8:52  Roach  
  165  8:54  Lurker Den  
  170  8:56  Extractor  
  170  8:57  Roach  
  170  8:58  Roach  
  170  9:00  Roach  
  170  9:02  Roach  
  179  9:03  Roach  
  179  9:07  Overlord  
  179  9:10  Overlord  
  178  9:18  Overlord x2  
  178  9:20  Hydralisk x3  
  184  9:26  Hydralisk  
  184  9:27  Hydralisk x3  
  184  9:30  Zergling x4  
  184  9:31  Zergling x8  
  198  9:37  Zergling x4  
  199  10:01  Roach x2  
  199  10:04  Roach x3  
  199  10:09  Roach  
  199  10:12  Roach  
  199  10:16  Roach  
  199  10:20  Roach  
  199  10:21  Lurker x3  
Show
View Real Time Build Order
Export as new Build Order

Harstem Protoss 

Build Orders: 1 Gate Expand, Phoenix Opening 

Get SALT Encoding   

  12  0:01  Probe (Chrono Boost)  
  13  0:11  Probe (Chrono Boost)  
  14  0:18  Pylon  
  14  0:22  Probe (Chrono Boost)  
  15  0:36  Probe (Chrono Boost)  
  15  0:39  Gateway  
  16  0:47  Probe (Chrono Boost)  
  17  0:50  Assimilator  
  17  0:57  Probe (Chrono Boost)  
  18  1:08  Probe (Chrono Boost)  
  19  1:24  Nexus  
  19  1:37  Cybernetics Core  
  19  1:38  Probe (Chrono Boost)  
  20  1:46  Assimilator  
  20  1:48  Probe (Chrono Boost)  
  20  1:53  Pylon  
  21  1:59  Probe (Chrono Boost)  
  22  2:09  Probe (Chrono Boost)  
  22  2:13  Adept (Chrono Boost)  
  22  2:14  Warp Gate  
  25  2:20  Probe  
  26  2:31  Stargate  
  26  2:33  Probe (Chrono Boost)  
  27  2:37  Probe (Chrono Boost), Adept (Chrono Boost)  
  31  2:44  Probe (Chrono Boost)  
  31  2:48  Probe (Chrono Boost)  
  32  2:54  Pylon  
  32  2:55  Probe (Chrono Boost)  
  33  2:59  Probe (Chrono Boost)  
  33  3:05  Probe (Chrono Boost)  
  35  3:09  Probe (Chrono Boost)  
  36  3:15  Probe (Chrono Boost)  
  36  3:17  Phoenix (Chrono Boost)  
  36  3:18  Probe  
  40  3:27  Probe  
  40  3:29  Probe  
  42  3:39  Probe  
  42  3:40  Probe, Phoenix (Chrono Boost)  
  46  3:48  Nexus  
  46  3:50  Pylon  
  46  3:51  Probe  
  47  3:57  Probe  
  47  4:01  Phoenix (Chrono Boost)  
  50  4:04  Probe  
  50  4:08  Probe  
  52  4:11  Gateway  
  52  4:16  Gateway  
  52  4:19  Pylon  
  52  4:23  Phoenix (Chrono Boost)  
  53  4:25  Probe (Chrono Boost), Pylon  
  56  4:31  Probe (Chrono Boost)  
  56  4:32  Sentry  
  56  4:37  Mothership Core (Chrono Boost)  
  60  4:42  Pylon  
  60  4:43  Phoenix  
  60  4:44  Probe (Chrono Boost)  
  61  4:48  Forge  
  63  4:54  Assimilator  
  63  4:56  Probe (Chrono Boost)  
  63  4:59  Assimilator  
  65  5:00  Probe (Chrono Boost)  
  65  5:01  Pylon  
  65  5:04  Adept  
  65  5:08  Adept  
  65  5:10  Adept  
  69  5:17  Probe (Chrono Boost)  
  69  5:20  Pylon  
  70  5:22  Pylon  
  70  5:25  Protoss Ground Weapons Level 1 (Chrono Boost)  
  70  5:29  Adept x2  
  74  5:37  Nexus  
  74  5:42  Adept  
  73  5:52  Probe, Adept  
  73  5:53  Adept  
  74  5:58  Probe  
  73  6:04  Phoenix  
  73  6:07  Probe  
  76  6:11  Adept  
  77  6:19  Twilight Council  
  77  6:24  Nexus, Pylon  
  77  6:27  Probe  
  77  6:28  Pylon  
  77  6:29  Probe  
  79  6:37  Robotics Facility  
  79  6:38  Probe (Chrono Boost)  
  80  6:40  Gateway  
  80  6:41  Probe (Chrono Boost)  
  80  6:42  Zealot x3  
  80  6:43  Gateway  
  87  6:49  Probe (Chrono Boost)  
  87  6:53  Charge (Chrono Boost)  
  88  6:55  Gateway  
  88  7:15  Probe (Chrono Boost)  
  88  7:16  Zealot x3  
  88  7:18  Gateway  
  88  7:19  Probe (Chrono Boost)  
  88  7:20  Pylon  
  88  7:21  Protoss Ground Weapons Level 2 (Chrono Boost)  
  96  7:31  Probe (Chrono Boost)  
  96  7:34  Probe (Chrono Boost)  
  96  7:35  Observer (Chrono Boost)  
  96  7:36  Probe  
  99  7:42  Templar Archives  
  100  7:46  Pylon  
  101  7:52  Zealot x3  
  101  7:55  Warp Prism (Chrono Boost)  
  101  7:56  Probe  
  107  8:07  Probe (Chrono Boost)  
  107  8:08  Probe x2 (Chrono Boost)  
  107  8:10  Zealot, Assimilator  
  107  8:11  Pylon  
  112  8:18  High Templar  
  112  8:19  Probe (Chrono Boost), High Templar x3  
  122  8:20  Probe (Chrono Boost)  
  122  8:21  Probe (Chrono Boost)  
  122  8:22  Assimilator  
  122  8:23  Zealot  
  122  8:26  Archon  
  125  8:29  Zealot, Archon  
  125  8:30  Photon Cannon  
  125  8:34  Immortal (Chrono Boost)  
  131  8:36  Probe (Chrono Boost)  
  131  8:37  Probe x2 (Chrono Boost)  
  134  8:47  Probe (Chrono Boost)  
  135  8:52  Zealot  
  137  8:59  Zealot x3  
  143  9:04  Probe (Chrono Boost)  
  143  9:06  Nexus  
  142  9:11  Pylon  
  142  9:12  Immortal, High Templar x2  
  142  9:13  Psionic Storm  
  150  9:25  High Templar  
  150  9:26  Zealot x2  
  152  9:35  Zealot x2  
  156  9:41  Probe  
  156  9:42  Pylon  
  156  9:43  Pylon  
  157  9:46  Zealot  
  157  9:47  Zealot x2  
  157  9:51  Immortal  
  163  10:05  Zealot x4  
  144  10:13  Zealot x3  
  144  10:17  Mothership Core  
  128  10:25  Zealot x4  
Tags
 
Add a new tag
Caveats
  • Supply blocks, unpowered buildings, or Contaminate may cause inaccurate times.
  • Supply counts are checked every 10 seconds.